 Dungeon Crawl Stone Soup version 0.31-a0-460-g9e667d4245 (webtiles) character file.

Game seed: 11994664726856119250

100 RepHenryClay the Sneak (level 5, -4/41 HPs)
             Began as a Formicid Delver on Aug 5, 2023.
             Slain by a water moccasin (5 damage)
             ... on level 6 of the Dungeon.
             The game lasted 00:01:07 (403 turns).

RepHenryClay the Sneak (Formicid Delver)             Turns: 403, Time: 00:01:08

Health: -4/41      AC:  6    Str: 19    XL:     5   Next: 3%
Magic:  5/5        EV: 10    Int:  9    God:
Gold:   0          SH:  0    Dex: 15    Spells: 4/4 levels left

rFire   . . .        a - +0 hand axe
rCold   . . .        (no shield)
rNeg    . . .        j - +0 scale mail
rPois   .            (helmet unavailable)
rElec   .            (no cloak)
rCorr   .            (no gloves)
SInv    +            (no boots)
Will    +....        (no amulet)
Stlth   ++           (no ring)
HPRegen 0.26/turn    (no ring)
MPRegen 0.09/turn

%: no passive effects
@: lethally poisoned (-4 -> -11), enlightened, flying
A: permanent stasis, dig shafts and tunnels, antennae 3, four strong arms
a: Dig, Shaft Self


You were on level 6 of the Dungeon.
You visited 1 branch of the dungeon, and saw 2 of its levels.

Inventory:

Hand Weapons
 a - a +0 hand axe (weapon)
Armour
 b - a +0 leather armour
 j - a +0 scale mail (worn)
Wands
 f - a wand of digging (3)
Scrolls
 c - a scroll of fog
 d - a scroll of revelation
 e - a scroll of fear
 g - a scroll of immolation {unknown}
 h - 2 scrolls of identify {unknown}


   Skills:
 - Level 3.2 Fighting
 + Level 3.6 Axes
 + Level 3.1 Armour
 - Level 1.7 Dodging
 - Level 6.0 Stealth


You had 4 spell levels left.
You didn't know any spells.
Your spell library was empty.

Dungeon Overview and Level Annotations

Branches:
Dungeon (6/15)
 Temple: D:4-7

Altars:


Innate Abilities, Weirdness & Mutations

You cannot be hasted, slowed, berserked, paralysed or teleported.
You can dig through walls and to a lower floor.
You have a pair of large antennae on your head. (SInv)
Your four strong arms can wield two-handed weapons with a shield.


Message History

The water moccasin poisons you! The water moccasin bites you.
Huge Dmg: -22%(-9hp) hp: 61%(25hp) It was a potion of enlightenment.
You feel very buoyant.
You fly up into the air.
You feel very sick.
The water moccasin bites you but does no damage.
Damage: -7%(-3hp) hp: 54%(22hp)
You hit the water moccasin but do no damage.
The water moccasin is lightly wounded.
You feel sick. The water moccasin closely misses you.
The water moccasin bites you.
You are lethally poisoned!
The water moccasin poisons you!
Huge Dmg: -12%(-5hp) hp: 42%(17hp)
You hit the water moccasin but do no damage.
The water moccasin is lightly wounded.
* * * LOW HITPOINT WARNING * * *
You feel very sick.
The water moccasin bites you but does no damage.
Huge Dmg: -15%(-6hp) hp: 27%(11hp)
You barely miss the water moccasin.
The water moccasin is lightly wounded.
* * * LOW HITPOINT WARNING * * *
You feel very sick.
The water moccasin completely misses you.
The water moccasin barely misses you.
Huge Dmg: -9%(-4hp) hp: 18%(7hp)
You hit the water moccasin.
The water moccasin is moderately wounded.
* * * LOW HITPOINT WARNING * * *
You feel very sick. The water moccasin bites you.
* * * LOW HITPOINT WARNING * * *
Huge Dmg: -10%(-4hp) hp: 8%(3hp)
You hit the water moccasin.
The water moccasin is heavily wounded.
* * * LOW HITPOINT WARNING * * *
You feel sick. The water moccasin bites you.
You die...

#.#######.#######.....
#.........##........##
############..#######
#..# #..# #..# #
#########..#
#.####.†........# #
...#@#######..# {
##.##.#S# #..#
#......l# ...#
#..#...## ...#
#.......# ##.#
..l........ .#
#...#..[...## ..
....###...#.# #...
##.##.#


You could see a water moccasin and an iguana.

Vanquished Creatures
  A bullfrog (D:6)
  A jelly (D:6)
  An adder (D:6)
  An ufetubus (D:6)
4 creatures vanquished.

Notes
Turn   | Place    | Note
-------+----------+-------------------------------------------
     0 | D:5      | RepHenryClay the Formicid Delver began the quest for the
                  | Orb.
     0 | D:5      | Reached XP level 1. HP: 18/18 MP: 1/1
    24 | D:5      | Noticed a hound
   100 | D:5      | Noticed an ice beast
   158 | D:6      | Noticed a jelly
   163 | D:6      | Killed a jelly
   164 | D:6      | Reached XP level 2. HP: 22/24 MP: 2/2
   164 | D:6      | Reached XP level 3. HP: 27/29 MP: 3/3
   197 | D:6      | Noticed a bullfrog
   261 | D:6      | Noticed a bullfrog
   274 | D:6      | Killed a bullfrog
   275 | D:6      | Reached XP level 4. HP: 10/35 MP: 4/4
   382 | D:6      | Noticed a water moccasin
   395 | D:6      | Reached XP level 5. HP: 33/41 MP: 5/5
   403 | D:6      | HP: 1/41 [poisoned by a water moccasin]
   403 | D:6      | Slain by a water moccasin

Illustrated notes

Levels and vault maps discovered:
D:5:      layout_loops_ring, grunt_temple_overflow_open,
          nicolae_shop_firing_range
D:6:      layout_loops_ring, temple_doors_cd, chequers_serial_rivers_marsh

Skill      XL: |  1  2  3 |
---------------+----------+-----
Armour         | 2 3 |  3.1
Axes           | 3 |  3.6
Fighting       | |  3.2
Dodging        | |  1.7
Stealth        | |  6.0

Action                     |  1- 3 |  4- 6 || total
---------------------------+-------+-------++-------
  Melee: Hand axe          |    29 |    14 ||    43
    Use: Potion            |       |     1 ||     1
   Stab: Sleeping          |     1 |       ||     1
 Armour: Scale mail        |    14 |    12 ||    26
         Leather armour    |     1 |       ||     1
  Dodge: Dodged            |    19 |    15 ||    34

Table legend: (Time is in decaauts)
 A = Elapsed time spent in this place.
 B = Non-inter-level travel time spent in this place.
 C = Inter-level travel time spent in this place.
 D = Time resting spent in this place.
 E = Time spent auto-exploring this place.
 F = Levels seen in this place.
 G = Mean time per level.
                   A        B        C        D        E       F      G
               +--------+--------+--------+--------+--------+-----+--------+
         Total |    409 |    387 |     22 |      0 |    210 |   2 |  204.5 |
       Dungeon |    409 |    387 |     22 |      0 |    210 |   2 |  204.5 |
               +--------+--------+--------+--------+--------+-----+--------+

Top non-repeatable levels by time:
     D:6: 298 daAuts
     D:5: 110 daAuts
